 Dungeon Crawl Stone Soup version 0.20.1-1-g8b1a95d (webtiles) character file.

0 Goblin1989 the Magician (level 1, 0/13 HPs)
             Began as a Demonspawn Wizard on July 5, 2017.
             Slain by a hobgoblin
             ... wielding a +0 club
              (2 damage)
             ... on level 1 of the Dungeon.
             The game lasted 00:01:01 (104 turns).

Goblin1989 the Magician (Demonspawn Wizard)          Turns: 104, Time: 00:01:01

Health: 0/13       AC:  2    Str:  7    XL:     1   Next: 0%
Magic:  1/4        EV: 12    Int: 19    God:
Gold:   0          SH:  0    Dex: 11    Spells: 5/6 levels left

rFire    . . .     SeeInvis .   (no weapon)
rCold    . . .     Gourm    .   (no shield)
rNeg     . . .     Faith    .   a - +0 robe
rPois    .         Spirit   .   b - +0 hat
rElec    .         Reflect  .   (no cloak)
rCorr    .         Harm     .   (no gloves)
MR       .....                  (no boots)
Stlth    ++........             (no amulet)
Regen    0.1/turn               (no ring)
MPRegen  0.1/turn               (no ring)

@: no status effects
A: no striking features
a: no special abilities


You were on level 1 of the Dungeon.
You were not hungry.

You visited 1 branch of the dungeon, and saw 1 of its levels.

Inventory:

Armour
 a - a +0 robe (worn)
 b - a +0 hat (worn)
Scrolls
 f - a scroll of remove curse {unknown}
Books
 c - a book of Minor Magic

   Spells                             Type                      Level
   a - Magic Dart                     Conjuration                  1
   b - Blink                          Translocation                2
   c - Call Imp                       Summoning                    2
   d - Slow                           Hexes                        2
   e - Conjure Flame                  Conjuration/Fire             3
   f - Mephitic Cloud                 Conjuration/Poison/Air       3
Comestibles
 e - a bread ration {@e1}


   Skills:
 - Level 1.7 Dodging
 - Level 1.7 Stealth
 + Level 3.0 Spellcasting
 * Level 1.0 Conjurations
   Level 1.0 Summonings
   Level 0.8 Translocations


You had 5 spell levels left.
You knew the following spells:

 Your Spells              Type           Power        Failure   Level  Hunger
a - Magic Dart            Conj           #...         10%         1    None


Dungeon Overview and Level Annotations

Branches:
Dungeon (1/15)

Altars:


Message History

Confirm with . or Enter, or press ? or * to list all spells.
You don't have enough magic to cast that spell.
A dart slug comes into view.
Found a stone staircase leading down.
The dart slug moves out of view.
The hobgoblin misses you.
You open the door.
Casting: Magic Dart
Confirm with . or Enter, or press ? or * to list all spells.
Aiming: Magic Dart
Press: ? - help, Shift-Dir - straight line, f/p - hobgoblin
Aim: a hobgoblin, wielding a club (moderately wounded)
The magic dart hits the hobgoblin.
The hobgoblin is heavily wounded.
The hobgoblin hits you with a club.
You take 2 damage, and have 11/13 hp.
You now have 0/4 mp.
Casting: Magic Dart
Confirm with . or Enter, or press ? or * to list all spells.
You don't have enough magic to cast that spell.
There is an open door here.
A bat comes into view.
The bat closely misses you.
Casting: Magic Dart
Confirm with . or Enter, or press ? or * to list all spells.
Aiming: Magic Dart
Press: ? - help, Shift-Dir - straight line, f/p - hobgoblin
Aim: a hobgoblin, wielding a club (lightly wounded)
The magic dart hits the hobgoblin.
The hobgoblin is almost dead.
You now have 0/4 mp.
Casting: Magic Dart
Confirm with . or Enter, or press ? or * to list all spells.
You don't have enough magic to cast that spell.
Casting: Magic Dart
Confirm with . or Enter, or press ? or * to list all spells.
You don't have enough magic to cast that spell.
Unknown command.
The bat barely misses you. The bat hits you but does no damage.
You closely miss the bat. The bat hits you but does no damage.
The hobgoblin hits you with a club.
You take 3 damage, and have 9/13 hp.
MASSIVE DAMAGE!!
The bat closely misses you. The bat hits you but does no damage.
You hit the bat.
The bat is moderately wounded.
The bat closely misses you. The hobgoblin barely misses you.
The bat closely misses you. The dart slug launches a dart at you.
The slug dart misses you. The dart slug launches a dart at you.
The slug dart misses you.
The slug dart misses the hobgoblin.
The slug dart hits the bat.
The bat dies!
The dart slug misses you. The dart slug misses you.
The hobgoblin closely misses you. The dart slug launches a dart at you.
The slug dart misses you.
Your magical contamination has completely faded away.
Casting: Magic Dart
Confirm with . or Enter, or press ? or * to list all spells.
Aiming: Magic Dart
Press: ? - help, Shift-Dir - straight line, f/p - hobgoblin
Aim: a hobgoblin, wielding a club (lightly wounded)
The magic dart hits the hobgoblin.
The hobgoblin is lightly wounded.
The hobgoblin hits you with a club.
You take 4 damage, and have 6/13 hp.
MASSIVE DAMAGE!!
You now have 2/4 mp.
Casting: Magic Dart
Confirm with . or Enter, or press ? or * to list all spells.
Aiming: Magic Dart
Press: ? - help, Shift-Dir - straight line, f/p - hobgoblin
Aim: a hobgoblin, wielding a club (lightly wounded)
The magic dart hits the hobgoblin.
The hobgoblin is lightly wounded.
The hobgoblin hits you with a club.
* * * LOW HITPOINT WARNING * * *
You take 3 damage, and have 3/13 hp.
MASSIVE DAMAGE!!
You now have 1/4 mp.
Casting: Magic Dart
Confirm with . or Enter, or press ? or * to list all spells.
Aiming: Magic Dart
Press: ? - help, Shift-Dir - straight line, f/p - hobgoblin
Aim: a hobgoblin, wielding a club (lightly wounded)
The magic dart hits the hobgoblin.
The hobgoblin is moderately wounded.
The hobgoblin barely misses you.
You now have 0/4 mp.
Casting: Magic Dart
Confirm with . or Enter, or press ? or * to list all spells.
You don't have enough magic to cast that spell.
Casting: Magic Dart
Confirm with . or Enter, or press ? or * to list all spells.
You don't have enough magic to cast that spell.
You open the door. The hobgoblin closely misses you.
There is an open door here.
You see here a scroll labeled TIGOOLUPICI.
f - a scroll labeled TIGOOLUPICI The hobgoblin hits you with a club.
* * * LOW HITPOINT WARNING * * *
You take 2 damage, and have 2/13 hp.
The hobgoblin hits you with a club.
You die... ██████

.....█ ███ ...█▲█▲█▲███
.... ..█........█ .....
...........█ ██▲██......
...........█ █..@.......
...........█ █.g........
█..........███......████
...!.█▲█▲█...∆(.....█


██████ █.███......█ .. .... ......... ████████.█.██████...... .......█.█.█
.█.█.█ ██████.█ █.█ .█.█ You could see a hobgoblin.

Vanquished Creatures (others)
  A bat (D:1)
1 creature vanquished.

Notes
Turn   | Place    | Note
-------+----------+-------------------------------------------
     0 | D:1      | Goblin1989 the Demonspawn Wizard began the quest for the Orb.
     0 | D:1      | Reached XP level 1. HP: 13/13 MP: 4/4
   104 | D:1      | Slain by a hobgoblin

Action                   || total
-------------------------++-------
Melee: Unarmed           ||     2
 Cast: Magic Dart        ||     8
Armor: Robe              ||     3
Dodge: Dodged            ||    16

Vault maps used:
D:1:      minmay_arrival_arboretum_small
